Description

This is an all-rounder economic build for ladder. It is a safe build with multiple scouting options and three Command Centres.

VOD

https://youtu.be/pQo2_9fdU4w?t=2

Replay - tvp_heromarine_1_3cc

Build Order

Get SALT Encoding   

  6  0:00  SCV  
  13  0:12  SCV  
  14  0:17  Supply Depot  
  14  0:24  SCV  
  15  0:38  SCV  
  15  0:39  Barracks  
  16  0:43  Refinery  
  16  0:50  SCV  
  17  1:02  SCV  
  18  1:14  SCV  
  19  1:26  Reaper  
  19  1:27  Orbital Command  
  20  1:41  Command Center  
  20  1:52  Supply Depot  
  21  1:54  SCV  
  21  1:59  Marine  
  22  2:06  SCV  
  23  2:10  Factory  
  23  2:19  SCV  
  23  2:22  Bunker  
  24  2:23  Barracks Reactor  
  24  2:31  Refinery  
  26  2:53  Orbital Command  
  26  2:55  Hellion  
  26  2:57  Starport  
  29  3:01  Marine x2  
  32  3:17  Widow Mine  
  32  3:19  Marine x2  
  38  3:31  Supply Depot  
  39  3:35  Medivac  
  39  3:39  Marine x2, Factory Tech Lab  
  45  3:53  Supply Depot  
  47  3:59  Siege Tank, Marine x2  
  53  4:07  Starport Tech Lab  
  53  4:16  Supply Depot  
  55  4:19  Command Center  
  56  4:28  Raven  
  59  4:34  Barracks x2  
  59  4:38  Marine  
  63  4:52  Siege Tank  
  66  4:57  Engineering Bay  
  69  5:03  Refinery x2  
  72  5:24  Siege Tank  
  78  5:31  Barracks Tech Lab  
  78  5:33  Barracks x2  
  78  5:35  Orbital Command  
  78  5:41  Stimpack  
  80  5:51  Combat Shield  
  84  5:59  Orbital Command  
  86  6:05  Siege Tank  
  86  6:06  Starport Reactor  
  94  6:19  Marauder x2  
  94  6:23  Barracks Reactor, Barracks Tech Lab  
  101  6:37  Siege Tank  
  105  6:41  Marauder x2  
  105  6:47  Medivac x2  
  119  6:57  Refinery x2  
  120  7:02  Marauder x2  
  128  7:15  Marauder  
  134  7:25  Marauder x2  
  140  7:36  Marauder  
  139  7:37  Starport  
  139  7:40  Command Center  
  139  7:44  Factory Reactor  
Spawning Tool Build Advisor. Get it on Overwolf

Analysis

Those who seek “good ladder builds” also sometimes explicitly ask for “safe” builds. I believe what they really want is an all-rounder build that doesn’t die to certain stuff because of build choice. The builds we selected focus on standard macro and have access to the tools needed to be safe.

You can read the rationale and variation of this build on TerranCraft. The replay is prepared by Drift, and you can watch his video here.

Go to:

Details

Become a Patron
  • Created by: Maxilicious  
  • Published on: Apr 10, 2021
  • Modified on: May 17, 2021
  • Patch: 4.11.0
  • Difficulty: Medium
Show
View Real Time Build Order
Export as new Build Order

Comments (0)

There are no comments. Be the first!

Create an account to comment!